 Dungeon Crawl Stone Soup version 0.32-a0-876-gcfddb08e57 (webtiles) character file.

Game seed: 6130382243400820992

2594 pokeman the Thaumaturge (level 9, -3/49 (50) HPs)
             Began as a Deep Elf Hedge Wizard on Mar 31, 2024.
             Was a Believer of Vehumet.
             Splashed by a jelly's acid (10 damage)
             ... on level 7 of the Dungeon.
             The game lasted 00:22:03 (9636 turns).

pokeman the Thaumaturge (Deep Elf Hedge Wizard)     Turns: 9636, Time: 00:22:03

HP:   -3/49 (50)    AC:  6    Str:  7    XL:     9   Next: 33%
MP:   0/26          EV: 11    Int: 24    God:    Vehumet [**....]
Gold: 468           SH:  0    Dex: 14    Spells: 21/31 levels left

rFire   + . .        n - +2 dagger (venom)
rCold   + . .        (no shield)
rNeg    . . .        l - +3 leather armour {rC+}
rPois   .            c - +0 hat
rElec   .            v - scarf {repulsion}
rCorr   .            (no gloves)
SInv    +            (no boots)
Will    .....        (no amulet)
Stlth   ++           b - ring of protection from fire
HPRegen 0.28/turn    y - ring of see invisible
MPRegen 0.20/turn

%: repel missiles
@: lightly drained
A: no striking features
a: Renounce Religion


You were on level 7 of the Dungeon.
You worshipped Vehumet.
Vehumet was pleased with you.
You visited 2 branches of the dungeon, and saw 8 of its levels.
You also visited: Sewer.

You collected 468 gold pieces.

Inventory:

Hand Weapons
 g - a +2 dagger of electrocution
 n - a +2 dagger of venom (weapon)
Armour
 c - a +0 hat (worn)
 l - a +3 leather armour of cold resistance (worn)
 v - a scarf of repulsion (worn)
Magical Staves
 G - a staff of earth
Jewellery
 b - a ring of protection from fire (left hand)
 y - a ring of see invisible (right hand)
Wands
 e - a wand of flame (15)
 q - a wand of light (7)
 E - a wand of iceblast (14)
Scrolls
 a - 4 scrolls of fog {unknown}
 j - 16 scrolls of identify {unknown}
 m - 2 scrolls of noise {unknown}
 p - a scroll of silence {unknown}
 s - 3 scrolls of fear {unknown}
 t - 2 scrolls of teleportation {unknown}
 u - 2 scrolls of vulnerability {unknown}
 z - a scroll of blinking {unknown}
 A - 2 scrolls of torment {unknown}
 B - a scroll of enchant weapon {unknown}
 C - 2 scrolls of immolation {unknown}
 D - a scroll of enchant armour {unknown}
 F - 2 scrolls of acquirement {unknown}
 H - a scroll of poison {unknown}
Potions
 d - a potion of magic
 f - a potion of mutation {unknown}
 h - 2 potions of heal wounds {unknown}
 i - 4 potions of attraction {unknown}
 k - 6 potions of curing {unknown}
 o - a potion of invisibility {unknown}
 r - 2 potions of enlightenment
 w - a potion of resistance {unknown}
 x - 3 potions of might {unknown}


   Skills:
 + Level 3.0 Fighting
 - Level 3.0 Armour
 - Level 3.0 Dodging
 - Level 3.0 Stealth
 * Level 11.8 Spellcasting
 + Level 6.6 Conjurations
 - Level 1.0 Hexes
 - Level 1.1 Summonings
 - Level 1.1 Translocations
 + Level 1.3 Ice Magic
 - Level 2.0 Air Magic
 + Level 1.0 Earth Magic
 - Level 2.0 Alchemy
 - Level 2.1 Evocations


You had 21 spell levels left.
You knew the following spells:

 Your Spells              Type           Power      Damage    Failure   Level
a - Magic Dart            Conj           100%       1d8       1%          1
b - Mephitic Cloud        Conj/Alch/Air  31%        N/A       4%          3
c - Call Imp              Summ           38%        N/A       6%          2
d - Blink                 Tloc           38%        N/A       6%          2
e - Ensorcelled Hibernat  Hex/Ice        38%        N/A       6%          2

Your spell library contained the following spells:

 Spells                   Type           Power      Damage    Failure   Level
 Scorch                   Fire           28%        2d6       10%         2
 Slow                     Hex            72%        N/A       4%          1
 Cigotuvi's Dreadful Rot  Necr/Alch/Air  40%        N/A       5%          2
 Swiftness                Air            23%        N/A       9%          3
 Passwall                 Erth           19%        N/A       12%         3
 Sigil of Binding         Hex            18%        N/A       13%         3
 Sculpt Simulacrum        Ice/Alch       11%        N/A       99%         6
 Death Channel            Necr           7%         N/A       100%        6


Dungeon Overview and Level Annotations

Branches:
Dungeon (7/15)             Temple (1/1) D:4           Sewer (visited)

Altars:
Ashenzari
Cheibriados
Dithmenos
Elyvilon
Fedhas
Gozag
Makhleb
Nemelex Xobeh
Qazlal
Uskayaw
Vehumet
Wu Jian
Xom
Yredelemnul
Zin
The Shining One

Shops:
D:3 ?


Message History

The magic dart hits the wight but does no damage.
The wight is almost destroyed.
Unknown command.
Casting: Magic Dart (safe; 1% risk of failure)
Confirm with . or Enter, or press ? or * to list all spells.
Aiming: Magic Dart (safe; 1% risk of failure)
Press: ? - help, Shift-Dir - straight line, f/p - wight
Aim: a wight, wielding a +4 long sword and wearing a +0 robe (almost destroyed, 100% to hit)
The magic dart hits the wight but does no damage.
The wight is almost destroyed.
Unknown command.
Casting: Magic Dart (safe; 1% risk of failure)
Confirm with . or Enter, or press ? or * to list all spells.
Aiming: Magic Dart (safe; 1% risk of failure)
Press: ? - help, Shift-Dir - straight line, f/p - wight
Aim: a wight, wielding a +4 long sword and wearing a +0 robe (almost destroyed, 100% to hit)
The magic dart hits the wight.
The wight is almost destroyed.
You feel ready to blink again.
The wight hits you with a +4 long sword!
* * * LOW HITPOINT WARNING * * *
Casting: Magic Dart (safe; 1% risk of failure)
Confirm with . or Enter, or press ? or * to list all spells.
A tiny devil pulls itself out of the air.
The wight closely misses you.
Unknown command.
Your cerulean imp barely misses the jelly.
The jelly attacks as it pursues you! The jelly hits you but does no damage.
Casting: Call Imp (safe; 6% risk of failure)
Confirm with . or Enter, or press ? or * to list all spells.
Aiming: Magic Dart (safe; 1% risk of failure)
Press: ? - help, Shift-Dir - straight line, f/p - wight
Aim: a wight, wielding a +4 long sword and wearing a +0 robe (almost destroyed, ally target, 100% to hit)
The magic dart hits the jelly.
The jelly is heavily wounded.
The wight closely misses your cerulean imp.
The jelly hits you.
* * * LOW HITPOINT WARNING * * *
You are splashed with acid!
You die...

################
#....##.........
#....##.........
#....##.........
...######5...##.......#.
.......@Jzz............#
......#####............#
..... #.............
.... #####......... ...
#......... ..
#####......... .
#.............
#.#########... ........


You could see a jelly, 2 wights and a friendly cerulean imp (summoned).

Vanquished Creatures
  Eustachio (D:4)
  A water moccasin (D:5)
  An ice beast (D:5)
  2 black bears
  An ogre (D:6)
  A centaur (D:6)
  A phantom (D:5)
  3 kobold brigands
  Blork the orc (D:6)
  A brain worm (Sewer)
  A bullfrog (D:7)
  2 scorpions
  A wight (D:7)
  3 orc priests
  3 bombardier beetles
  A jelly (D:5)
  5 hounds
  Ijyb (D:4)
  2 gnoll boudas (D:7)
  3 orc wizards
  7 iguanas
  A sleepcap (D:3)
  Natasha (thrice) (D:4)
  11 gnolls
  A river rat (Sewer)
  7 adders
  A shadow imp (D:7)
  A white imp (D:5)
  2 ufetubi (D:6)
  5 ribbon worms
  6 dart slugs
  32 orcs
  11 ball pythons
  10 endoplasms
  4 giant cockroaches
  14 goblins
  4 hobgoblins
  2 jackals (D:1)
  8 quokkas
  10 bats
  2 frilled lizards
  13 kobolds
  7 rats
197 creatures vanquished.

Vanquished Creatures (collateral kills)
  An ogre (D:3)
  A gnoll (D:3)
  An orc (D:3)
  A goblin (D:3)
4 creatures vanquished.

Grand Total: 201 creatures vanquished

Notes
Turn   | Place    | Note
-------+----------+-------------------------------------------
     0 | D:1      | pokeman the Deep Elf Hedge Wizard began the quest for the
                  | Orb.
     0 | D:1      | Reached XP level 1. HP: 10/10 MP: 7/7
   333 | D:1      | Reached XP level 2. HP: 15/15 MP: 2/9
   909 | D:1      | Reached skill level 5 in Spellcasting
  1317 | D:2      | Reached XP level 3. HP: 20/20 MP: 5/11
  1321 | D:2      | Learned a level 3 spell: Mephitic Cloud
  1324 | D:2      | Learned a level 2 spell: Call Imp
  1327 | D:2      | Learned a level 2 spell: Blink
  1955 | D:2      | Reached skill level 1 in Armour
  2162 | D:2      | Reached skill level 1 in Fighting
  2348 | D:3      | Found Xuntimal's Magic Scroll Emporium.
  2393 | D:3      | Reached XP level 4. HP: 20/25 MP: 3/13
  2726 | D:3      | Reached skill level 6 in Spellcasting
  2726 | D:3      | Reached XP level 5. HP: 18/29 MP: 1/15
  2916 | D:3      | Noticed an ogre
  2966 | D:3      | Killed an ogre
  2967 | D:3      | Reached skill level 1 in Air Magic
  2967 | D:3      | Reached skill level 1 in Alchemy
  3322 | D:3      | Reached XP level 6. HP: 34/34 MP: 1/17
  3340 | D:3      | Reached skill level 7 in Spellcasting
  3777 | D:4      | Found an opulent altar of Gozag.
  3783 | D:4      | Found a glowing golden altar of the Shining One.
  3824 | D:4      | Noticed Eustachio
  3872 | D:4      | Killed Eustachio
  3873 | D:4      | Reached XP level 7. HP: 38/38 MP: 17/20
  3932 | D:4      | Found a staircase to the Ecumenical Temple.
  3938 | Temple   | Entered the Ecumenical Temple
  4060 | D:4      | Noticed Ijyb
  4070 | D:4      | Killed Ijyb
  4071 | D:4      | Reached skill level 8 in Spellcasting
  4100 | D:4      | Found a glowing drain.
  4124 | Sewer    | Entered a sewer
  4830 | Sewer    | Reached skill level 1 in Evocations
  5069 | D:4      | Found a shimmering altar of Xom.
  5070 | D:4      | Noticed Natasha
  5076 | D:4      | Killed Natasha
  5124 | D:4      | Found a radiant altar of Vehumet.
  5129 | D:4      | Became a worshipper of Vehumet
  5142 | D:4      | Noticed Natasha
  5149 | D:4      | Killed Natasha
  6320 | D:4      | Noticed Natasha
  6326 | D:4      | Killed Natasha
  6404 | D:5      | Entered Level 5 of the Dungeon
  6578 | D:5      | Reached skill level 9 in Spellcasting
  6578 | D:5      | Reached XP level 8. HP: 40/44 MP: 16/23
  6850 | D:5      | Reached skill level 5 in Conjurations
  7269 | D:5      | Reached * piety under Vehumet
  7269 | D:5      | Offered knowledge of Sting by Vehumet.
  7382 | D:5      | Reached skill level 10 in Spellcasting
  8160 | D:6      | Noticed Blork the orc
  8171 | D:6      | Killed Blork the orc
  8195 | D:6      | Reached skill level 11 in Spellcasting
  8505 | D:6      | Reached XP level 9. HP: 34/49 MP: 20/26
  8569 | D:6      | Reached ** piety under Vehumet
  8569 | D:6      | Offered knowledge of Scorch by Vehumet.
  9059 | D:7      | Learned a level 2 spell: Ensorcelled Hibernation
  9266 | D:7      | Reached skill level 1 in Hexes
  9402 | D:7      | Reached skill level 1 in Ice Magic
  9604 | D:7      | Reached skill level 1 in Earth Magic
  9636 | D:7      | Splashed by a jelly's acid

Illustrated notes

Levels and vault maps discovered:
D:1:      reono_arrival_mine, layout_basic
D:2:      layout_loops_cross, minmay_misc_feat_roman,
          chequers_serial_rivers_large_a, minmay_misc_feat_enclosed
D:3:      layout_loops_ring, serial_shops, shop, minmay_ogre_servants
D:4:      layout_basic, mainiacjoe_overflow_catwalk_spiral,
          mainiacjoe_overflow_two_lobes, temple_green,
          cheibrodos_sewer_entry_bend, serial_co_window_serial,
          co_window_corner_a, co_window_of_opportunity_a, co_window_paths_a,
          co_window_corner_a, co_window_cross_1, co_window_of_opportunity_a,
          co_window_paths_a, co_window_of_opportunity_b, co_window_broadway_c,
          co_window_broadway_a, co_window_corner_b, glass_columns_b,
          glass_columns_b, uniq_ijyb, uniq_eustachio, uniq_natasha
D:5:      minmay_general_purpose_star, layout_layer_cave, nicolae_titane
D:6:      layout_basic, uniq_blork_the_orc
D:7:      layout_basic, minmay_misc_feat_secret_circle,
          serial_library_regret_index_branch_corner
Temple:   nicolae_temple_bog_church

Skill      XL: |  1  2  3  4  5  6  7  8  9 |
---------------+----------------------------+-----
Spellcasting   | 5 6 7 9 11 | 11.8
Armour         | 1 3 |  3.0
Conjurations   | 2 3 4 6 |  6.6
Fighting       | 1 2 3 |  3.0
Dodging        | 3 |  3.0
Stealth        | 3 |  3.0
Air Magic      | 1 2 |  2.0
Alchemy        | 1 2 |  2.0
Evocations     | 2 |  2.1
Hexes          | 1 |  1.0
Ice Magic      | 1 |  1.3
Earth Magic    | 1 |  1.0
Summonings     | |  1.1
Translocations | |  1.1

Action                     |  1- 3 |  4- 6 |  7- 9 || total
---------------------------+-------+-------+-------++-------
  Melee: Dagger            |    27 |    61 |   152 ||   240
         Whip              |       |     9 |       ||     9
   Cast: Magic Dart        |   108 |    62 |   240 ||   410
         Call Imp          |     2 |     4 |    11 ||    17
         Mephitic Cloud    |     1 |     7 |    34 ||    42
         Blink             |       |     1 |     3 ||     4
   Stab: Sleeping          |     1 |       |     1 ||     2
         Confused          |     1 |     4 |    15 ||    20
 Armour: Robe              |    23 |       |       ||    23
         Leather armour    |       |    50 |    94 ||   144
  Dodge: Dodged            |    21 |    49 |    99 ||   169
         Repelled          |       |       |     3 ||     3

Table legend: (Time is in decaauts)
 A = Elapsed time spent in this place.
 B = Non-inter-level travel time spent in this place.
 C = Inter-level travel time spent in this place.
 D = Time resting spent in this place.
 E = Time spent auto-exploring this place.
 F = Levels seen in this place.
 G = Mean time per level.
                   A        B        C        D        E       F      G
               +--------+--------+--------+--------+--------+-----+--------+
         Total |   9831 |   9259 |    572 |    223 |   7134 |   9 | 1092.3 |
       Dungeon |   8795 |   8223 |    572 |    223 |   6233 |   7 | 1256.4 |
        Temple |      1 |      1 |      0 |      0 |      0 |   1 |    1.0 |
         Sewer |   1034 |   1034 |      0 |      0 |    901 |   1 | 1034.0 |
               +--------+--------+--------+--------+--------+-----+--------+

Top non-repeatable levels by time:
     D:4: 1811 daAuts
     D:5: 1691 daAuts
     D:3: 1397 daAuts
     D:1: 1308 daAuts
     D:2: 1047 daAuts
   Sewer: 1034 daAuts
     D:6: 929 daAuts
     D:7: 610 daAuts
  Temple: 1 daAuts
